 Dungeon Crawl Stone Soup version 0.19.5 (webtiles) character file.

14 Shinoi the Grave Robber (level 2, -2/20 HPs)
             Began as a Ghoul Necromancer on Apr 17, 2017.
             Slain by a kobold
             ... wielding a cursed -2 dagger
              (3 damage)
             ... on level 1 of the Dungeon.
             The game lasted 00:04:44 (569 turns).

Shinoi the Grave Robber (Ghoul Necromancer)          Turns: 569, Time: 00:04:45

Health: -2/20      AC:  2    Str: 11    XL:     2   Next: 45%
Magic:  3/3        EV: 12    Int: 10    God:
Gold:   37         SH:  0    Dex:  9    Spells: 2 memorised, 2 levels left

rFire  . . .     SeeInvis .     e - +0 hand axe (flame) {Aids}
rCold  + . .     Gourm    .     a - +0 robe
rNeg   + + +     Faith    .     (no shield)
rPois  ∞         Spirit   .     (no helmet)
rElec  .         Reflect  .     (no cloak)
rCorr  .         Harm     .     (no gloves)
MR     .....                    (no boots)
Stlth  ++........               (no amulet)
                                (no ring)
                                (no ring)

@: rotting
A: rotting body, claws 1, carnivore 3, cold resistance 1, negative energy
resistance 3, slow regeneration 1, torment resistance, unbreathing
a: no special abilities


You were on level 1 of the Dungeon.
You were not hungry.

You visited 1 branch of the dungeon, and saw 1 of its levels.

You collected 37 gold pieces.

Inventory:

Hand Weapons
 e - a +0 hand axe of flaming (weapon) {Aids}
 g - a +0 spear
Armour
 a - a +0 robe (worn)
Jewellery
 h - an uncursed ring of positive energy {unknown}
Potions
 f - a potion of lignification {unknown}
 i - a potion of berserk rage {unknown}
 j - a potion of magic {unknown}
Books
 b - a book of Necromancy

   Spells                             Type                      Level
   a - Pain                           Necromancy                   1
   b - Animate Skeleton               Necromancy                   1
   c - Vampiric Draining              Necromancy                   3
   d - Regeneration                   Charms/Necromancy            3
   e - Animate Dead                   Necromancy                   4
   f - Control Undead                 Necromancy                   4
Comestibles
 c - 2 meat rations
 d - a beef jerky


   Skills:
 + Level 1.7 Dodging
 + Level 2.2 Stealth
 + Level 1.9 Spellcasting
 * Level 4.5 Necromancy


You had 2 spell levels left.
You knew the following spells:

 Your Spells              Type           Power        Failure   Level  Hunger
a - Pain                  Necr           #...         8%          1    ##.....
b - Animate Skeleton      Necr           N/A          8%          1    ##.....


Dungeon Overview and Level Annotations

Branches:
Dungeon (1/15)

Altars:


Innate Abilities, Weirdness & Mutations

Your body is rotting away.
You thrive on raw meat.
You are immune to poison.
You have sharp fingernails.
You are carnivorous and can eat meat at any time.
Your flesh is cold resistant. (rC+)
You are immune to negative energy. (rN+++)
You regenerate slowly when monsters are visible.
You are immune to unholy pain and torment.
You can survive without breathing.


Message History

The kobold barely misses you. The kobold hits you but does no damage.
You see here a leather armour.
The kobold closely misses you. The kobold closely misses you.
You see here a leather armour.
The kobold hits you with an enchanted dagger.
* * * LOW HITPOINT WARNING * * *
The kobold hits you with an enchanted dagger.
* * * LOW HITPOINT WARNING * * *
You see here a leather armour.
The kobold hits you but does no damage. The kobold hits you but does no damage.
You see here a leather armour.
The kobold misses you. The kobold closely misses you.
You see here a leather armour.
The kobold closely misses you.
The kobold hits you with an enchanted dagger.
You die...

#.# #.#..# ..#
#####.# #.##.#
#.#
......###.##.#
#.#
####.%.Z..##Z#
#%#
.....#######.#
#.# ###### #.#
#.# #.# #.#
#.####K# #....@.#
#####.)# #....#
######### #!##.#
........# #.# .#
#######.# #.# #
#.# #.# #.# #.#
######.########.#


You could see a kobold.

Vanquished Creatures
  An ooze (D:1)
  2 leopard geckos (D:1)
  A hobgoblin (D:1)
  A kobold (D:1)
  A bat (D:1)
  A frilled lizard (D:1)
  2 rats (D:1)
9 creatures vanquished.

Notes
Turn   | Place    | Note
-------+----------+-------------------------------------------
     0 | D:1      | Shinoi the Ghoul Necromancer began the quest for the Orb.
     0 | D:1      | Reached XP level 1. HP: 14/14 MP: 2/2
   243 | D:1      | Reached XP level 2. HP: 19/19 MP: 3/3
   276 | D:1      | Learned a level 1 spell: Animate Skeleton
   563 | D:1      | HP: 1/20 [kobold/enchanted dagger (1)]
   569 | D:1      | Slain by a kobold

Action                   || total
-------------------------++-------
Melee: Unarmed           ||     8
       Hand axe          ||    22
 Cast: Pain              ||     5
       Animate Skeleton  ||     1
  Eat: Chunk             ||     3
Armor: Robe              ||     4
Dodge: Dodged            ||    34
